General information
- name: BNet
- type: Ladder team game (AT/RT)
- host: Battle.net
- saver: CreepMaster
map: FullScaleAssault
- players: 8
- length: 33:00
- speed: Fast
- version: 1.28 W3XP
- replay type: Public
» download(342 KB)
Players
team 1 (winner)
mandz (
teal | 68 APM | 2239 actions | 32:58)
7 Archmage
3 Summon Water Elemental
3 Brilliance Aura
1 Mass Teleport
3 Paladin
2 Holy Light
1 Devotion Aura
» actions
| Assign group hotkey | 5 | |
| Basic commands | 95 | |
| Build / train | 122 | |
| ESC pressed | 9 | |
| Enter build submenu | 35 | |
| Enter hero's abilities submenu | 10 | |
| Give item / drop item | 3 | |
| Remove unit from queue | 1 | |
| Right click | 961 | |
| Select / deselect | 588 | |
| Select group hotkey | 258 | |
| Use ability | 152 | |
2239 total
» units
| Peasant | 18 | |
| Footman | 11 | |
| Gryphon Rider | 6 | |
| Dragonhawk Rider | 7 | |
| Rifleman | 6 | |
| Siege Engine | 23 | |
| Flying Machine | 2 | |
73 total
» upgrades
| Defend | 1 | |
| Masonry | 3 | |
| Lumber Harvesting | 2 | |
| Storm Hammers | 1 | |
| Gunpowder | 3 | |
| Swords | 1 | |
| Armor | 3 | |
| Animal War Training | 1 | |
| Long Rifles | 1 | |
| Barrage | 1 | |
17 total
» buildings
| Altar of Kings | 1 | |
| Barracks | 1 | |
| Farm | 13 | |
| Scout Tower | 10 | |
| Arcane Tower | 1 | |
| Keep | 1 | |
| Town Hall | 1 | |
| Lumber Mill | 1 | |
| Castle | 1 | |
| Guard Tower | 4 | |
| Arcane Vault | 1 | |
| Blacksmith | 1 | |
| Gryphon Aviary | 2 | |
| Workshop | 2 | |
40 total
» build order
00:11 Altar of Kings
00:25 Barracks
00:29 Farm
01:03 Farm
01:05 Farm
01:47 Farm
01:52 Scout Tower
02:34 Arcane Tower
02:47 Farm
03:49 Keep
04:30 Town Hall
04:39 Lumber Mill
06:05 Scout Tower
06:07 Scout Tower
06:28 Scout Tower
06:36 Scout Tower
06:38 Scout Tower
06:42 Scout Tower
06:53 Castle
07:52 Guard Tower
07:58 Arcane Vault
08:17 Scout Tower
08:25 Farm
08:59 Scout Tower
09:00 Scout Tower
09:06 Blacksmith
09:13 Gryphon Aviary
09:15 Gryphon Aviary
09:55 Guard Tower
09:56 Guard Tower
09:57 Guard Tower
12:48 Farm
12:48 Farm
12:49 Farm
13:15 Farm
16:44 Farm
16:46 Farm
16:51 Workshop
16:55 Workshop
20:16 Farm
» items
| Potion of Healing | 1 | |
| Scroll of Town Portal | 3 | |
| Scroll of Regeneration | 2 | |
| Mechanical Critter | 1 | |
| Lesser Clarity Potion | 1 | |
| Orb of Fire | 1 | |
| Ivory Tower | 2 | |
11 total
CreepMaster (
green | 73 APM | 2393 actions | 33:00)
9 Paladin
3 Holy Light
3 Divine Shield
2 Devotion Aura
1 Resurrection
» actions
| Assign group hotkey | 67 | |
| Basic commands | 59 | |
| Build / train | 95 | |
| Enter build submenu | 38 | |
| Enter hero's abilities submenu | 9 | |
| Give item / drop item | 3 | |
| Remove unit from queue | 2 | |
| Right click | 1010 | |
| Select / deselect | 464 | |
| Select group hotkey | 502 | |
| Use ability | 144 | |
2393 total
» units
| Peasant | 14 | |
| Footman | 5 | |
| Rifleman | 8 | |
| Goblin Shredder | 1 | |
| Goblin Zeppelin | 4 | |
| Blue Dragon Whelp | 1 | |
| Blue Drake | 1 | |
| Blue Dragon | 2 | |
| Goblin Sapper | 6 | |
| Dragonhawk Rider | 6 | |
48 total
» upgrades
| Masonry | 3 | |
| Gunpowder | 3 | |
| Defend | 1 | |
| Armor | 3 | |
| Long Rifles | 1 | |
| Swords | 2 | |
| Cloud | 1 | |
14 total
» buildings
| Altar of Kings | 1 | |
| Barracks | 1 | |
| Farm | 7 | |
| Scout Tower | 24 | |
| Arcane Tower | 2 | |
| Blacksmith | 1 | |
| Lumber Mill | 1 | |
| Arcane Vault | 2 | |
| Town Hall | 2 | |
| Guard Tower | 3 | |
| Keep | 1 | |
| Castle | 1 | |
| Gryphon Aviary | 4 | |
50 total
» build order
00:36 Altar of Kings
00:36 Barracks
00:50 Farm
00:51 Farm
01:06 Farm
01:22 Scout Tower
02:03 Farm
02:17 Arcane Tower
03:06 Blacksmith
03:48 Lumber Mill
04:02 Arcane Vault
04:50 Town Hall
04:52 Scout Tower
04:52 Scout Tower
04:53 Scout Tower
04:53 Scout Tower
05:17 Scout Tower
05:35 Farm
05:51 Guard Tower
07:09 Arcane Tower
07:11 Keep
09:51 Town Hall
09:52 Scout Tower
09:52 Scout Tower
09:53 Scout Tower
09:53 Scout Tower
09:54 Scout Tower
09:54 Scout Tower
09:56 Scout Tower
09:57 Scout Tower
11:42 Guard Tower
12:46 Castle
13:42 Arcane Vault
14:18 Scout Tower
14:20 Scout Tower
14:21 Scout Tower
14:22 Scout Tower
14:28 Scout Tower
14:28 Scout Tower
14:29 Scout Tower
14:29 Scout Tower
14:30 Scout Tower
14:31 Scout Tower
16:55 Guard Tower
22:35 Gryphon Aviary
22:36 Gryphon Aviary
22:40 Gryphon Aviary
22:43 Gryphon Aviary
24:46 Farm
24:47 Farm
» items
| Scroll of Regeneration | 5 | |
| Mechanical Critter | 1 | |
| Lesser Clarity Potion | 2 | |
| Potion of Mana | 1 | |
| Scroll of Town Portal | 5 | |
14 total

»
Reames (
yellow | 54 APM | 1774 actions | 32:58)
7 Death Knight
3 Death Coil
3 Unholy Aura
1 Death Pact
5 Lich
3 Frost Armor
2 Frost Nova
» actions
| Assign group hotkey | 39 | |
| Basic commands | 59 | |
| Build / train | 91 | |
| ESC pressed | 1 | |
| Enter build submenu | 30 | |
| Enter hero's abilities submenu | 12 | |
| Give item / drop item | 10 | |
| Right click | 767 | |
| Select / deselect | 411 | |
| Select group hotkey | 190 | |
| Use ability | 164 | |
1774 total
» units
| Acolyte | 15 | |
| Ghoul | 6 | |
| Crypt Fiend | 15 | |
| Obsidian Statue | 9 | |
45 total
» upgrades
| Creature Attack | 3 | |
| Web | 1 | |
| Creature Carapace | 3 | |
| Burrow | 1 | |
| Destroyer Form | 1 | |
| Unholy Strength | 1 | |
| Unholy Armor | 1 | |
11 total
» buildings
| Crypt | 2 | |
| Ziggurat | 14 | |
| Graveyard | 2 | |
| Altar of Darkness | 1 | |
| Tomb of Relics | 1 | |
| Halls of the Dead | 2 | |
| Necropolis | 4 | |
| Spirit Tower | 5 | |
| Nerubian Tower | 1 | |
| Slaughterhouse | 2 | |
| Black Citadel | 2 | |
| Sacrificial Pit | 1 | |
| Boneyard | 2 | |
39 total
» build order
00:08 Crypt
00:10 Ziggurat
00:39 Graveyard
00:58 Altar of Darkness
01:41 Tomb of Relics
02:04 Ziggurat
03:38 Ziggurat
04:44 Halls of the Dead
05:25 Necropolis
05:35 Ziggurat
07:13 Ziggurat
07:14 Ziggurat
07:15 Ziggurat
07:17 Ziggurat
07:20 Ziggurat
08:12 Spirit Tower
08:13 Spirit Tower
08:15 Spirit Tower
08:25 Graveyard
09:29 Nerubian Tower
09:39 Ziggurat
09:42 Slaughterhouse
10:49 Black Citadel
13:18 Sacrificial Pit
14:13 Boneyard
14:14 Boneyard
15:40 Slaughterhouse
15:42 Crypt
17:27 Spirit Tower
17:27 Spirit Tower
20:04 Necropolis
20:08 Necropolis
20:41 Ziggurat
20:42 Ziggurat
20:44 Ziggurat
20:44 Ziggurat
22:33 Halls of the Dead
25:31 Necropolis
27:03 Black Citadel
» items
| Rod of Necromancy | 3 | |
| Boots of Speed | 2 | |
| Scroll of Town Portal | 3 | |
| Potion of Lesser Invulnerability | 1 | |
| Staff of Teleportation | 1 | |
| Orb of Corruption | 1 | |
11 total

»
Str8UpCleva (
red | 75 APM | 2489 actions | 32:58)
8 Mountain King
3 Storm Bolt
3 Bash
1 Avatar
1 Thunder Clap
5 Paladin
2 Holy Light
3 Divine Shield
» actions
| Assign group hotkey | 86 | |
| Basic commands | 177 | |
| Build / train | 127 | |
| ESC pressed | 1 | |
| Enter build submenu | 40 | |
| Enter hero's abilities submenu | 13 | |
| Give item / drop item | 6 | |
| Remove unit from queue | 6 | |
| Right click | 717 | |
| Select / deselect | 561 | |
| Select group hotkey | 612 | |
| Use ability | 142 | |
2489 total
» units
| Peasant | 17 | |
| Footman | 7 | |
| Flying Machine | 25 | |
| Goblin Shredder | 1 | |
| Mortar Team | 2 | |
| Siege Engine | 1 | |
| Goblin Zeppelin | 1 | |
54 total
» upgrades
| Defend | 1 | |
| Masonry | 3 | |
| Gunpowder | 3 | |
| Plating | 3 | |
| Armor | 2 | |
| Lumber Harvesting | 2 | |
| Long Rifles | 1 | |
| Flak Cannons | 1 | |
| Flying Machine Bombs | 2 | |
| Fragmentation Shards | 1 | |
| Flare | 2 | |
| Barrage | 1 | |
22 total
» buildings
| Altar of Kings | 1 | |
| Farm | 13 | |
| Lumber Mill | 2 | |
| Barracks | 1 | |
| Scout Tower | 14 | |
| Arcane Vault | 2 | |
| Arcane Tower | 4 | |
| Town Hall | 3 | |
| Guard Tower | 4 | |
| Keep | 1 | |
| Blacksmith | 1 | |
| Castle | 1 | |
| Workshop | 4 | |
51 total
» build order
00:15 Altar of Kings
00:20 Farm
00:32 Lumber Mill
00:52 Farm
01:15 Farm
01:42 Barracks
01:56 Scout Tower
02:04 Scout Tower
02:15 Arcane Vault
02:38 Farm
02:41 Arcane Tower
04:13 Town Hall
04:19 Scout Tower
04:24 Arcane Vault
04:51 Scout Tower
05:34 Arcane Tower
05:36 Guard Tower
05:37 Scout Tower
05:41 Scout Tower
05:46 Scout Tower
05:46 Scout Tower
05:57 Scout Tower
05:58 Scout Tower
07:29 Keep
07:33 Guard Tower
07:37 Arcane Tower
07:41 Guard Tower
07:47 Scout Tower
07:48 Scout Tower
07:53 Scout Tower
07:53 Scout Tower
08:19 Blacksmith
09:48 Arcane Tower
09:49 Guard Tower
10:45 Castle
11:51 Workshop
11:54 Workshop
11:58 Workshop
12:07 Workshop
12:09 Farm
12:13 Farm
12:15 Farm
12:17 Farm
12:18 Farm
12:21 Farm
15:55 Farm
16:05 Lumber Mill
16:10 Farm
21:16 Farm
26:22 Town Hall
31:03 Town Hall
» items
| Scroll of Regeneration | 4 | |
| Lesser Clarity Potion | 5 | |
| Boots of Speed | 1 | |
| Potion of Lesser Invulnerability | 1 | |
| Scroll of Town Portal | 4 | |
| Potion of Healing | 2 | |
17 total
team 2 (loser)
HeinrichHimmler (
orange | 50 APM | 1631 actions | 32:50)
8 Death Knight
3 Death Coil
3 Unholy Aura
1 Animate Dead
1 Death Pact
» actions
| Build / train | 69 | |
| Enter build submenu | 37 | |
| Enter hero's abilities submenu | 9 | |
| Remove unit from queue | 4 | |
| Right click | 1103 | |
| Select / deselect | 344 | |
| Use ability | 65 | |
1631 total
» units
| Acolyte | 7 | |
| Ghoul | 2 | |
| Crypt Fiend | 23 | |
| Frost Wyrm | 7 | |
39 total
» upgrades
| Creature Attack | 3 | |
| Web | 1 | |
| Creature Carapace | 2 | |
6 total
» buildings
| Graveyard | 1 | |
| Crypt | 2 | |
| Ziggurat | 21 | |
| Altar of Darkness | 1 | |
| Halls of the Dead | 2 | |
| Black Citadel | 2 | |
| Tomb of Relics | 1 | |
| Sacrificial Pit | 1 | |
| Boneyard | 2 | |
| Spirit Tower | 6 | |
39 total
» build order
00:07 Graveyard
00:13 Crypt
00:42 Ziggurat
01:00 Altar of Darkness
01:39 Ziggurat
02:28 Halls of the Dead
02:29 Halls of the Dead
03:00 Ziggurat
04:13 Ziggurat
04:53 Black Citadel
04:53 Black Citadel
05:22 Ziggurat
06:14 Tomb of Relics
06:49 Sacrificial Pit
07:46 Boneyard
07:50 Boneyard
07:54 Ziggurat
07:56 Ziggurat
12:09 Ziggurat
12:27 Ziggurat
13:01 Spirit Tower
13:09 Ziggurat
13:19 Spirit Tower
13:41 Ziggurat
14:28 Spirit Tower
16:56 Spirit Tower
19:30 Ziggurat
19:48 Crypt
20:00 Ziggurat
20:27 Spirit Tower
20:32 Ziggurat
20:34 Ziggurat
20:46 Ziggurat
20:49 Ziggurat
31:17 Spirit Tower
31:20 Ziggurat
31:22 Ziggurat
31:23 Ziggurat
31:24 Ziggurat
» items
Jedi-Style (
blue | 95 APM | 3134 actions | 32:57)
7 Warden
2 Shadow Strike
2 Blink
2 Fan of Knives
1 Spirit of Vengeance
6 Naga Sea Witch
2 Frost Arrows
3 Forked Lightning
1 Tornado
1 Death Knight
1 Unholy Aura
1 Lich
1 Frost Armor
» actions
| Assign group hotkey | 43 | |
| Basic commands | 160 | |
| Build / train | 121 | |
| ESC pressed | 3 | |
| Enter build submenu | 31 | |
| Enter hero's abilities submenu | 15 | |
| Give item / drop item | 8 | |
| Remove unit from queue | 6 | |
| Right click | 1518 | |
| Select / deselect | 737 | |
| Select group hotkey | 259 | |
| Use ability | 232 | |
3134 total
» units
| Wisp | 27 | |
| Archer | 5 | |
| Dryad | 2 | |
| Druid of the Claw | 16 | |
| Frost Wyrm | 4 | |
| Hippogryph | 2 | |
| Goblin Zeppelin | 1 | |
57 total
» upgrades
| Abolish Magic | 1 | |
| Druid of the Claw Training | 2 | |
| Strength of the Wild | 1 | |
| Mark of the Claw | 1 | |
| Creature Attack | 1 | |
| Creature Carapace | 2 | |
| Nature's Blessing | 1 | |
9 total
» buildings
| Altar of Elders | 1 | |
| Moon Well | 8 | |
| Ancient of War | 4 | |
| Tree of Life | 2 | |
| Tree of Ages | 1 | |
| Hunter's Hall | 1 | |
| Ancient of Wonders | 1 | |
| Ancient of Lore | 2 | |
| Tree of Eternity | 1 | |
| Ancient of Wind | 2 | |
| Ziggurat | 5 | |
| Necropolis | 2 | |
30 total
» build order
00:08 Altar of Elders
00:19 Moon Well
00:34 Ancient of War
01:46 Moon Well
02:17 Ancient of War
03:37 Tree of Life
04:30 Tree of Ages
04:31 Moon Well
05:50 Hunter's Hall
05:52 Moon Well
05:57 Ancient of Wonders
06:52 Moon Well
06:53 Ancient of Lore
06:56 Ancient of Lore
07:53 Tree of Eternity
11:57 Ancient of Wind
11:58 Ancient of Wind
14:08 Moon Well
14:08 Moon Well
14:09 Moon Well
15:59 Ziggurat
16:44 Tree of Life
16:51 Ancient of War
16:52 Ancient of War
22:43 Ziggurat
22:49 Necropolis
24:45 Necropolis
25:48 Ziggurat
25:49 Ziggurat
25:50 Ziggurat
» items
| Potion of Healing | 4 | |
| Staff of Preservation | 1 | |
| Orb of Venom | 2 | |
| Tome of Retraining | 1 | |
| Potion of Invisibility | 1 | |
| Potion of Lesser Invulnerability | 1 | |
| Scroll of Town Portal | 4 | |
| Lesser Clarity Potion | 5 | |
| Staff of Teleportation | 1 | |
| Potion of Mana | 1 | |
| Scroll of Regeneration | 1 | |
| Rod of Necromancy | 1 | |
23 total
gorgatron (
pink | 46 APM | 610 actions | 13:19)
3 Death Knight
2 Death Coil
1 Unholy Aura
1 Lich
1 Frost Nova
» actions
| Assign group hotkey | 5 | |
| Basic commands | 16 | |
| Build / train | 42 | |
| ESC pressed | 4 | |
| Enter build submenu | 20 | |
| Enter hero's abilities submenu | 4 | |
| Right click | 239 | |
| Select / deselect | 136 | |
| Select group hotkey | 109 | |
| Use ability | 34 | |
610 total
» units
| Acolyte | 7 | |
| Ghoul | 2 | |
| Crypt Fiend | 7 | |
| Goblin Shredder | 1 | |
| Frost Wyrm | 1 | |
18 total
» upgrades
| Creature Attack | 2 | |
| Web | 1 | |
| Freezing Breath | 1 | |
4 total
» buildings
| Crypt | 1 | |
| Graveyard | 1 | |
| Altar of Darkness | 1 | |
| Ziggurat | 7 | |
| Tomb of Relics | 2 | |
| Nerubian Tower | 8 | |
| Halls of the Dead | 1 | |
| Necropolis | 1 | |
| Black Citadel | 1 | |
| Sacrificial Pit | 1 | |
| Spirit Tower | 2 | |
| Boneyard | 3 | |
29 total
» build order
00:12 Crypt
00:18 Graveyard
00:43 Altar of Darkness
01:03 Ziggurat
01:27 Ziggurat
01:46 Tomb of Relics
02:26 Nerubian Tower
02:26 Nerubian Tower
03:46 Halls of the Dead
04:53 Necropolis
06:10 Ziggurat
06:12 Ziggurat
07:17 Black Citadel
08:06 Sacrificial Pit
08:09 Ziggurat
08:28 Ziggurat
08:31 Tomb of Relics
09:00 Spirit Tower
09:11 Nerubian Tower
09:41 Boneyard
09:43 Boneyard
10:00 Spirit Tower
10:02 Ziggurat
11:23 Boneyard
» items
nonaj (
purple | 40 APM | 1272 actions | 32:09)
8 Mountain King
3 Thunder Clap
2 Storm Bolt
2 Bash
1 Avatar
3 Paladin
2 Divine Shield
1 Holy Light
» actions
| Assign group hotkey | 2 | |
| Build / train | 81 | |
| Enter build submenu | 31 | |
| Enter hero's abilities submenu | 10 | |
| Give item / drop item | 5 | |
| Remove unit from queue | 2 | |
| Right click | 570 | |
| Select / deselect | 498 | |
| Select group hotkey | 1 | |
| Use ability | 71 | |
1272 total
» units
| Peasant | 16 | |
| Footman | 9 | |
| Goblin Zeppelin | 2 | |
| Siege Engine | 6 | |
| Knight | 11 | |
| Frost Wyrm | 4 | |
48 total
» upgrades
| Plating | 2 | |
| Swords | 3 | |
| Barrage | 1 | |
| Animal War Training | 1 | |
| Creature Carapace | 1 | |
8 total
» buildings
| Altar of Kings | 1 | |
| Farm | 16 | |
| Barracks | 2 | |
| Keep | 1 | |
| Arcane Vault | 1 | |
| Blacksmith | 1 | |
| Castle | 1 | |
| Workshop | 3 | |
| Lumber Mill | 1 | |
| Town Hall | 3 | |
| Scout Tower | 6 | |
36 total
» build order
00:41 Altar of Kings
00:55 Farm
00:57 Farm
01:35 Farm
01:50 Barracks
02:29 Keep
02:33 Farm
02:41 Arcane Vault
02:59 Farm
03:25 Farm
03:32 Farm
04:04 Blacksmith
04:43 Barracks
06:03 Castle
06:16 Workshop
06:20 Farm
06:32 Workshop
06:38 Workshop
07:01 Farm
07:23 Farm
08:12 Farm
10:24 Lumber Mill
12:52 Farm
12:52 Farm
13:17 Town Hall
13:43 Farm
15:49 Farm
15:50 Farm
20:53 Town Hall
22:38 Scout Tower
22:38 Scout Tower
22:39 Scout Tower
22:40 Scout Tower
22:40 Scout Tower
22:41 Scout Tower
30:38 Town Hall
» items
| Scroll of Regeneration | 3 | |
| Lesser Clarity Potion | 1 | |
| Potion of Healing | 1 | |
| Scroll of Town Portal | 2 | |
7 total
Chat log
(00:13 / All) mandz: gl hf
(00:24 / All) HeinrichHimmler: u2
(00:29 / All) HeinrichHimmler: they playing another fb?
(00:33 / All) mandz: idk
(00:45 / All) mandz: cant without us either way so lol
(00:49 / All) HeinrichHimmler: true
(01:06 / All) HeinrichHimmler: When do you usually rt?
(01:11 / All) mandz: anytime
(01:23 / All) HeinrichHimmler: add this and hmu when you do
(01:51 / All) HeinrichHimmler: I usually chill in clan ag, garin is there from time to time as well
(03:27 / All) HeinrichHimmler: thought you were a ud player though
(08:05 / Allies) Str8UpCleva: hit an exoi
(08:06 / Allies) Str8UpCleva: expo
(08:09 / Allies) Str8UpCleva: top or bottom?
(09:59 / Allies) Str8UpCleva: go
(11:11 / Allies) Reames: gj
(11:28 / Allies) Str8UpCleva: heal plz
(11:28 / Allies) Str8UpCleva: mk
(12:18 / Allies) Reames: omw
(12:20 / Allies) Reames: to mid
(12:21 / Allies) Reames: with web
(12:25 / Allies) Reames: almot there
(15:25 / Allies) Str8UpCleva: im b
(15:29 / Allies) Reames: we need aa
(15:35 / Allies) Str8UpCleva: copters pumping
(15:40 / Allies) Str8UpCleva: lumber me
(16:20 / Allies) Reames: fuck
(16:24 / Allies) Reames: need seige too
(16:26 / Allies) Str8UpCleva: tp?
(16:29 / Allies) Reames: no
(17:00 / Allies) Str8UpCleva: to me
(17:03 / Allies) mandz: ill tp
(17:19 / Allies) Str8UpCleva: go
(20:23 / Allies) mandz: when i say i have anti air
(20:32 / Allies) mandz: dont think that means i got it all lmao
(20:38 / Allies) Str8UpCleva: im helpinmg
(20:41 / Allies) Str8UpCleva: :(
(20:44 / Allies) CreepMaster: I'M HELPING
(21:47 / Allies) CreepMaster: couldn't target it
(21:50 / Allies) CreepMaster: to heal
(22:02 / Allies) Str8UpCleva: careful
(22:13 / Allies) Reames: b
(22:41 / Allies) Str8UpCleva: here
(22:43 / Allies) Str8UpCleva: ti here
(24:15 / Allies) Str8UpCleva: bbb
(26:02 / Allies) Str8UpCleva: GO
(27:12 / Allies) CreepMaster: get mortar and knight red
(27:14 / Allies) CreepMaster: I'll mass dhawk
(27:16 / Allies) Str8UpCleva: no gold
(27:20 / Allies) Str8UpCleva: killed my expo
(27:47 / Allies) CreepMaster: did I give you gold or soemoen eles
(29:13 / Allies) Reames: no one focusing heroes...
(29:35 / Allies) Reames: like legit
(29:36 / Allies) Reames: no one
(29:44 / Allies) mandz: dude i have tanks
(29:45 / Allies) mandz: lol
(30:50 / Allies) Str8UpCleva: any have gold for expo?
(31:01 / Allies) Str8UpCleva: ty
(31:08 / Allies) Str8UpCleva: come top
(32:35 / All) Jedi-Style: Gg?
(32:44 / Allies) CreepMaster: where am I needed
(32:45 / All) mandz: yea gg
(32:47 / All) HeinrichHimmler: this game isn't even worth playing out, I'm getting bored to my teach
(32:52 / All) mandz: brb
(32:53 / All) mandz: gg